 Dungeon Crawl Stone Soup version 0.16-a0-3843-ged98c6c (webtiles) character file.

365190 Medar the Devastator (level 21, 0/140 HPs)
             Began as a Mummy Fire Elementalist on Jan 29, 2015.
             Was the Champion of Vehumet.
             Killed from afar by Nikola (33 damage)
             ... with a chain lightning
             ... on level 1 of the Elven Halls on Jan 30, 2015.
             The game lasted 03:59:21 (68172 turns).

Medar the Devastator (Mummy Fire Elementalist)     Turns: 68172, Time: 03:59:22

Health: 0/140      AC: 15    Str: 19    XL:     21   Next: 57%
Magic:  42/54      EV: 25    Int: 30    God:    Vehumet [******]
Gold:   2274       SH:  8    Dex: 19    Spells: 12 memorised, 0 levels left

rFire  + . .     SeeInvis .     a - +5 rapier {venom, Contam rF+ MP+9 Str+4 Dex+3}
rCold  . . .     Clarity  .     x - +4 robe of Augmentation {Str+4 Int+4 Dex+4}
rNeg   + + +     SustAb   .     f - +2 buckler
rPois  ∞         Gourm    .     Z - +3 hat of Pondering {ponderous, MR+ MP+10 Int+5}
rElec  .         Spirit   .     C - +1 cloak
rCorr  .         Warding  .     g - +0 pair of gloves
rMut   .         Stasis   .     n - +2 pair of boots
MR     +++..                    A - amulet of regeneration
Stlth  +.........               J - ring of Shaolin {EV+8}
                                U - ring of fire {=R}

@: delayed fireball, repel missiles, slow, extremely resistant to hostile
enchantments, very unstealthy
A: no food or potions, fire vulnerability, in touch with death, restore body,
cold resistance 1, negative energy resistance 3, poison resistance, torment
resistance, unbreathing
a: Self-Restoration, Renounce Religion, Release Delayed Fireball
}: 2/15 runes: serpentine, barnacled


You were on level 1 of the Elven Halls.
You worshipped Vehumet.
Vehumet was exalted by your worship.
You were not hungry.

You visited 7 branches of the dungeon, and saw 42 of its levels.
You also visited: Sewer and Ice Cave.

You collected 4599 gold pieces.
You spent 2325 gold pieces at shops.

Inventory:

Hand weapons
 a - the +5 rapier "Hyafakik" (weapon) {venom, Contam rF+ MP+9 Str+4 Dex+3}
   (You bought it in a shop on level 4 of the Orcish Mines)

   It poisons the flesh of those it strikes.
   It affects your strength (+4).
   It affects your dexterity (+3).
   It protects you from fire.
   It affects your magic capacity (+9).
   It causes magical contamination when unequipped.
Armour
 f - a +2 buckler (worn)
 g - a +0 pair of gloves (worn)
 n - a +2 pair of boots (worn)
 x - the +4 robe of Augmentation (worn) {Str+4 Int+4 Dex+4}
   (You bought it in a shop on level 4 of the Orcish Mines)

   It affects your strength (+4).
   It affects your intelligence (+4).
   It affects your dexterity (+4).
 C - a +1 cloak (worn)
 Z - the +3 hat of Pondering (worn) {ponderous, MR+ MP+10 Int+5}
   (You took it off Gastronok on level 10 of the Dungeon)

   It affects your intelligence (+5).
   It affects your resistance to hostile enchantments.
   It affects your magic capacity (+10).
Jewellery
 v - an uncursed ring of protection from magic
 y - the ring of Satikos {SustAb Slay+2}
   (You found it on level 1 of the Snake Pit)

   [ring of sustain abilities]

   It sustains your strength, intelligence and dexterity.
   It affects your accuracy and damage with ranged weapons and melee attacks
   (+2).
 A - an amulet of regeneration (around neck)
 E - an uncursed ring of protection from cold
 G - an uncursed amulet of resist mutation
 H - a +4 ring of protection
 I - an uncursed ring of fire
 J - the ring of Shaolin (right hand) {EV+8}
   (You found it on level 1 of the Vaults)

   [ring of evasion]

   It affects your evasion (+8).
 Q - the ring of Springtime {+/*Tele Str+4}
   (You found it on level 7 of the Lair of Beasts)

   [ring of teleportation]

   It causes random teleportation, and can be evoked to teleport at will.
   It affects your strength (+4).
 U - a ring of fire (left hand) {=R}
 V - an uncursed ring of see invisible
Magical devices
 k - a wand of digging (14)
 B - a wand of teleportation (8)
 D - a wand of cold (8)
 Y - a wand of heal wounds (4)
Scrolls
 b - a scroll of enchant weapon
 c - 10 scrolls of remove curse {@r1}
 e - 9 scrolls of recharging
 p - 4 scrolls of fear
 r - 6 scrolls of fog
 s - 6 scrolls of teleportation
 u - 2 scrolls of blinking
 w - 5 scrolls of amnesia
 F - 4 scrolls of enchant armour
 K - 4 scrolls of magic mapping
 N - 19 scrolls of identify {@r2}
 S - 2 scrolls of torment {!r}
Books
 d - Roxanne's Grimoire of the Mutagenic Mountains
   (You took it off Roxanne on level 14 of the Dungeon)

   Spells                             Type                      Level
   a - Sandblast                      Earth                        1
   b - Stoneskin                      Transmutation/Earth          2
   c - Leda's Liquefaction            Hexes/Earth                  4
   d - Petrify                        Transmutation/Earth          4
   e - Statue Form                    Transmutation/Earth          6
 h - the Tome of Combat Magic
   (You found it on level 4 of the Vaults)

   Spells                             Type                      Level
   a - Shock                          Conjuration/Air              1
   b - Conjure Flame                  Conjuration/Fire             3
   c - Irradiate                      Conjuration/Transmutation    5
   d - Bolt of Cold                   Conjuration/Ice              6
 j - a book of Beasts

   Spells                             Type                      Level
   a - Summon Butterflies             Summoning                    1
   b - Call Canine Familiar           Summoning                    3
   c - Summon Ice Beast               Ice/Summoning                4
   d - Summon Mana Viper              Hexes/Summoning              5
   e - Monstrous Menagerie            Summoning                    6
   f - Summon Hydra                   Summoning                    7
 l - a Grand Grimoire {highlevel}

   This book is beyond your current level of understanding.

   Spells                             Type                      Level
   a - Aura of Abjuration             Summoning                    6
   b - Summon Greater Demon           Summoning                    7
   c - Malign Gateway                 Summoning/Translocation      7
   d - Summon Horrible Things         Summoning                    8
 m - the Handbook of Nature
   (You found it on level 11 of the Dungeon)

   Spells                             Type                      Level
   a - Sting                          Conjuration/Poison           1
   b - Beastly Appendage              Transmutation                1
   c - Cure Poison                    Poison                       2
   d - Sticks to Snakes               Transmutation                2
   e - Spider Form                    Transmutation/Poison         3
 o - a book of Minor Magic

   Spells                             Type                      Level
   a - Magic Dart                     Conjuration                  1
   b - Blink                          Translocation                2
   c - Call Imp                       Summoning                    2
   d - Repel Missiles                 Charms/Air                   2
   e - Slow                           Hexes                        2
   f - Conjure Flame                  Conjuration/Fire             3
   g - Mephitic Cloud                 Conjuration/Poison/Air       3
 z - a book of Battle

   Spells                             Type                      Level
   a - Infusion                       Charms                       1
   b - Shroud of Golubria             Charms/Translocation         2
   c - Song of Slaying                Charms                       2
   d - Spectral Weapon                Hexes/Charms                 3
   e - Regeneration                   Charms/Necromancy            3
 L - a book of Maledictions

   Spells                             Type                      Level
   a - Corona                         Hexes                        1
   b - Sure Blade                     Hexes/Charms                 2
   c - Ensorcelled Hibernation        Hexes/Ice                    2
   d - Confuse                        Hexes                        3
   e - Dazzling Spray                 Conjuration/Hexes            3
   f - Enslavement                    Hexes                        4
 M - a book of the Warp

   Spells                             Type                      Level
   a - Recall                         Summoning/Translocation      3
   b - Control Teleport               Charms/Translocation         4
   c - Force Lance                    Conjuration/Translocation    4
   d - Phase Shift                    Translocation                5
   e - Warp Weapon                    Charms/Translocation         5
   f - Summon Forest                  Summoning/Translocation      5
   g - Gell's Gravitas                Hexes/Translocation          6
 O - a book of the Sky

   Spells                             Type                      Level
   a - Flight                         Charms/Air                   3
   b - Airstrike                      Air                          4
   c - Silence                        Hexes/Air                    5
   d - Deflect Missiles               Charms/Air                   6
   e - Conjure Ball Lightning         Conjuration/Air              6
   f - Tornado                        Air                          9
Miscellaneous
 P - a crystal ball of energy


   Skills:
 - Level 5.6 Fighting
 - Level 6.7 Dodging
 - Level 1.5 Stealth
 - Level 4.8 Shields
 + Level 15.4 Spellcasting
 - Level 19.1 Conjurations
 - Level 2.0 Charms
 - Level 7.0 Translocations
 - Level 19.1 Fire Magic
 - Level 2.2 Air Magic


You couldn't memorise any spells.
You knew the following spells:

 Your Spells              Type           Power        Failure   Level  Hunger
b - Bolt of Fire          Conj/Fire      ########..   1%          6    N/A
c - Fire Storm            Conj/Fire      ########..   19%         9    N/A
d - Sticky Flame          Conj/Fire      ########     0%          4    N/A
i - Control Teleport      Chrm/Tloc      ######....   3%          4    N/A
n - Orb of Destruction    Conj           #######...   1%          7    N/A
r - Repel Missiles        Chrm/Air       #####.       1%          2    N/A
t - Phase Shift           Tloc           ######....   3%          5    N/A
u - Flight                Chrm/Air       #####.....   2%          3    N/A
v - Shock                 Conj/Air       ####         1%          1    N/A
w - Blink                 Tloc           N/A          1%          2    N/A
x - Fireball              Conj/Fire      ########..   1%          5    N/A
X - Delayed Fireball      Conj/Fire      N/A          1%          7    N/A

Dungeon Overview and Level Annotations

Branches:
Dungeon (15/15)            Temple (0/1) D:4            Lair (8/8) D:8
 Shoals (5/5) Lair:6        Snake (5/5) Lair:6        Slime (0/6) Lair:8
    Orc (4/4) D:9             Elf (1/3) Orc:3        Vaults (4/5) D:14
  Crypt (0/3) Vaults:2     Depths (0/5) D:15

Altars:
Ashenzari
Elyvilon
Fedhas
Kikubaaqudgha
Nemelex Xobeh
Okawaru
Trog
Vehumet
Yredelemnul
Zin
Beogh

Shops:
D:5 (   D:6 *   D:8 !   D:9 %   D:13 :   D:15 %   Orc:4 *=([

Portals:
Trove: D:15 (show slimy rune of Zot)

Annotations:
Elf:1 Nikola


Innate Abilities, Weirdness & Mutations

You do not eat or drink.
Your flesh is vulnerable to fire.
You are in touch with the powers of death.
You can restore your body by infusing magical energy.
Your flesh is cold resistant.
You are immune to negative energy.
Your system is resistant to poisons.
You are immune to unholy pain and torment.
You can survive without breathing.


Message History

The lightning arc arcs out of your line of sight!
You hear a mighty clap of thunder!
The lightning arc suddenly appears!
The lightning arc hits Nikola.
The lightning arc hits you!
The lightning arc hits Nikola.
The lightning arc hits you!
* * * LOW HITPOINT WARNING * * *
You can't drink.
Read which item? (? for menu, Esc to quit)
Okay, then.
Press: ? - help, v - describe, . - travel
Here: Nikola, wielding a rapier of electrocution, wearing a glowing cloak and wearing a pair of gloves (lightly wounded)
The floor.
Read which item? (? for menu, Esc to quit)
As you read the scroll of summoning, it crumbles to dust.
Wisps of shadow whirl around you...
Nikola casts a spell.
You hear a mighty clap of thunder!
The lightning arc hits your deep elf conjurer.
The lightning arc hits you!
You die...

#######
##.....##
##...<...##
#..e......#
#....ee...#
#.e@≈≈≈≈..#
#≈≈ee)≈)≈≈#
#≈≈§§§§§≈≈#
#≈≈§§§≈≈≈≈#
#@.§§§§§..#
..........
.......e..
....... #


You could see Nikola, a friendly deep elf conjurer, 4 friendly deep elf fighters
and a friendly deep elf mage.

Vanquished Creatures
  Frederick (Vaults:4)
  A kraken (Shoals:5)
  Agnes (Snake:2)
  Kirke (Shoals:1)
  Frances (D:14)
  2 storm dragons
  Roxanne (D:14)
  Ilsuiw (Shoals:5)
  2 fire giants
  3 tengu reavers (Vaults:3)
  3 frost giants
  Donald (Snake:2)
  12 greater nagas
  Wiglaf (Snake:2)
  14 vault wardens
  Aizul (Snake:1)
  Gastronok (D:10)
  20 ironheart preservers
  2 orc warlords
  4 stone giants
  A deep elf demonologist (Vaults:2)
  4 very ugly things
  2 war gargoyles
  2 deep elf annihilators (Vaults:1)
  An eidolon (Vaults:2)
  A deep elf death mage (Vaults:2)
  7 merfolk javelineers
  2 fire dragons
  2 great orbs of eyes (Vaults:4)
  7 yaktaur captains
  Josephine (Orc:1)
  10 merfolk impalers
  3 ettins
  15 vault guards
  Fannar (Lair:7)
  4 hydras
  17 naga warriors
  An ice dragon (Vaults:1)
  Nessos (D:13)
  17 anacondas
  7 centaur warriors
  3 merfolk avatars
  2 satyrs
  A deep troll shaman (Vaults:4)
  11 ogre magi
  15 naga sharpshooters
  5 merfolk aquamancers
  3 tengu warriors
  2 orc high priests
  6 death yaks
  7 shock serpents
  Urug (Orc:4)
  A shock serpent (shapeshifter) (Vaults:3)
  Nergalle (Lair:1)
  2 deep elf knights (Vaults:2)
  6 salamander mystics
  2 fire crabs
  2 catoblepae
  2 unseen horrors
  A shadow wraith (Vaults:4)
  20 sea snakes
  A flayed ghost (Vaults:3)
  11 deep trolls
  4 lindwurms (Snake:5)
  26 harpies
  3 swamp dragons (Snake:2)
  An ice statue (IceCv)
  7 naga ritualists
  9 hill giants
  A giant orange brain (Vaults:4)
  6 ironbrand convokers
  15 orc knights
  2 necromancers
  2 small abominations
  An oklob plant (D:11)
  9 griffons
  2 deep elf conjurers (Vaults:2)
  9 water nymphs
  4 wolf spiders
  15 salamanders
  6 fauns
  A wolf spider zombie (D:14)
  35 ugly things
  13 cyclopes
  19 mana vipers
  4 orc sorcerers
  14 sirens
  12 manticores
  A drowned soul (Shoals:5)
  A guardian serpent (shapeshifter) (Vaults:3)
  Maurice (Orc:2)
  44 black mambas
  Joseph (Lair:1)
  18 spiny frogs
  29 naga magi
  10 guardian serpents
  2 centaur skeletons
  15 vault sentinels
  A gargoyle (D:15)
  A torpor snail (Lair:6)
  3 kobold demonologists
  14 komodo dragons
  A tengu conjurer (D:15)
  37 yaktaurs
  5 deep elf priests
  3 freezing wraiths
  An efreet (D:14)
  5 trolls
  2 fire drakes
  A wandering mushroom (D:12)
  36 merfolk
  15 polar bears
  4 wind drakes
  A jumping spider (Vaults:3)
  Grinder (D:3)
  A fire giant simulacrum (Vaults:3)
  18 blink frogs
  A hornet zombie (D:15)
  2 giant leeches (Lair:8)
  25 slime creatures
  13 snapping turtles
  15 two-headed ogres
  A frost giant simulacrum (Vaults:1)
  2 boulder beetles
  A basilisk (Lair:3)
  10 water elementals
  74 yaks
  5 redbacks
  A human (shapeshifter) (Vaults:3)
  2 shadows (D:14)
  A tarantella (Vaults:3)
  18 deep elf fighters
  2 wyverns
  9 deep elf magi
  A human simulacrum (Vaults:3)
  3 wraiths
  Grum (D:10)
  21 vampire mosquitoes
  A human (D:9)
  12 hippogriffs
  A steam dragon (D:11)
  5 hogs (Shoals:1)
  3 wargs
  54 nagas
  14 wolves
  A hungry ghost (D:14)
  6 swamp worms (Snake:2)
  A soldier ant (D:9)
  A soldier ant (shapeshifter) (Vaults:3)
  25 water moccasins
  A porcupine (shapeshifter) (Vaults:3)
  16 porcupines
  An eye of draining (D:13)
  A mottled dragon (D:12)
  4 sky beasts
  Purgy (Sewer)
  26 ogres
  2 necrophages
  2 spiders (D:11)
  4 swamp drakes (Snake:2)
  8 black bears
  A wasp (D:12)
  50 orc warriors
  4 phantoms
  4 boring beetles
  A boggart (Vaults:2)
  27 centaurs
  A boring beetle (shapeshifter) (D:15)
  14 crocodiles
  14 ice beasts
  Sigmund (D:6)
  6 big kobolds
  46 giant frogs
  Blork the orc (D:7)
  4 scorpions
  A gnoll sergeant (D:10)
  A water moccasin skeleton (D:5)
  A warg zombie (Orc:2)
  14 wights
  4 electric eels
  An oklob sapling (D:11)
  9 killer bees
  A warg skeleton (Orc:2)
  2 goliath beetles
  2 crimson imps
  3 giant frog zombies
  A quasit (D:9)
  20 hounds
  19 jellies
  3 centaur zombies
  34 orc priests
  A cyclops simulacrum (Orc:2)
  11 iguanas
  40 orc wizards
  10 worker ants
  23 sheep
  A spectral orc (Lair:1)
  A killer bee zombie (D:8)
  A worker ant zombie (D:7)
  A mummy (D:8)
  Robin (D:2)
  34 adders
  17 gnolls
  An orc skeleton (Orc:2)
  55 river rats
  3 giant mites
  2 shadow imps
  3 worms
  5 orc zombies (Orc:2)
  An adder zombie (D:4)
  4 giant geckos
  7 oozes
  178 orcs
  10 ball pythons
  A bat zombie (D:7)
  36 goblins
  24 hobgoblins
  3 jackals (D:7)
  13 quokkas
  12 bats
  4 giant cockroaches
  A giant cockroach zombie (D:5)
  7 giant newts
  A goblin skeleton (D:7)
  35 kobolds
  A quokka skeleton (D:8)
  16 rats
  4 ballistomycetes (D:8)
  A bush (Lair:7)
  A butterfly (D:4)
  3 crawling corpses (Vaults:2)
  7 fungi
  29 plants
  A tentacle (Shoals:5)
2074 creatures vanquished.

Vanquished Creatures (others)
  A shadow wraith (Vaults:3)
  A deep elf conjurer (Elf:1)
  A human (Shoals:1)
  A lost soul (Vaults:2)
  An orc (Orc:2)
  A giant spore (D:8)
  4 fungi
  8 plants
  4 tentacles (Shoals:5)
  2 tentacle segments (Shoals:5)
24 creatures vanquished.

Grand Total: 2098 creatures vanquished

Notes
Turn   | Place    | Note
--------------------------------------------------------------
     0 | D:1      | Medar, the Mummy Fire Elementalist, began the quest for the Orb.
     0 | D:1      | Reached XP level 1. HP: 13/13 MP: 3/3
   310 | D:1      | Reached skill level 1 in Conjurations
   450 | D:1      | Reached XP level 2. HP: 19/19 MP: 2/4
   635 | D:1      | Learned a level 2 spell: Throw Flame
   954 | D:1      | Reached XP level 3. HP: 20/24 MP: 0/6
  1234 | D:2      | Found a radiant altar of Vehumet.
  1234 | D:2      | Found a basalt altar of Yredelemnul.
  1240 | D:2      | Became a worshipper of Vehumet
  1408 | D:2      | Learned a level 3 spell: Conjure Flame
  1434 | D:2      | Reached skill level 3 in Fire Magic
  1623 | D:2      | Found a sparkling altar of Nemelex Xobeh.
  1828 | D:2      | Found a white marble altar of Elyvilon.
  1974 | D:2      | Found a blossoming altar of Fedhas.
  2464 | D:3      | Reached XP level 4. HP: 18/30 MP: 1/7
  2656 | D:3      | Noticed Robin
  3072 | D:2      | Killed Robin
  3072 | D:2      | Reached XP level 5. HP: 32/35 MP: 1/9
  3275 | D:3      | Acquired Vehumet's first power
  3275 | D:3      | Offered knowledge of Shock by Vehumet.
  3278 | D:3      | Learned a level 1 spell: Shock
  3870 | D:3      | Noticed Grinder
  3892 | D:3      | Paralysed by Grinder for 6 turns
  3982 | D:3      | Paralysed by Grinder for 3 turns
  4096 | D:4      | Found a shattered altar of Ashenzari.
  4253 | D:4      | Noticed an ogre
  4286 | D:4      | Reached skill level 4 in Conjurations
  4286 | D:4      | Reached XP level 6. HP: 30/41 MP: 1/10
  4442 | D:4      | Found an iron altar of Okawaru.
  4673 | D:4      | Found a staircase to the Ecumenical Temple.
  4753 | D:4      | Noticed an ogre
  5328 | D:5      | Entered Level 5 of the Dungeon
  5357 | D:5      | Found a bloodstained altar of Trog.
  5512 | D:5      | Found a glowing drain.
  5534 | Sewer    | Entered a sewer
  5558 | Sewer    | Noticed Purgy
  5594 | Sewer    | Killed Purgy
  5594 | Sewer    | Reached XP level 7. HP: 46/46 MP: 3/12
  5885 | D:5      | Offered knowledge of Sandblast by Vehumet.
  6273 | D:5      | Got an iridescent hand axe
  6274 | D:5      | Identified the +3 hand axe of the Jolly Songs {freeze, Noisy rF+ rN+} (You found it on level 5 of the Dungeon)
  6403 | D:5      | Found Yrennah's Weapon Shop.
  6581 | D:5      | Reached skill level 5 in Fire Magic
  6742 | D:6      | Reached skill level 5 in Conjurations
  6909 | D:6      | Noticed Sigmund
  6929 | D:6      | Found Strugic's Assorted Antiques.
  6954 | D:6      | Killed Sigmund
  7066 | D:6      | Bought a scroll of teleportation for 78 gold pieces
  8092 | D:7      | Noticed Blork the orc
  8097 | D:7      | Killed Blork the orc
  8138 | D:7      | Offered knowledge of Dazzling Spray by Vehumet.
  8180 | D:7      | Reached XP level 8. HP: 52/52 MP: 8/13
  8523 | D:7      | Found an iron altar of Okawaru.
  8539 | D:7      | Reached skill level 6 in Fire Magic
  8540 | D:7      | Acquired Vehumet's second power
  8837 | D:8      | Found Qosadon's Distillery.
  8899 | D:8      | Learned a level 4 spell: Sticky Flame
  9110 | D:8      | Offered knowledge of Fulminant Prism by Vehumet.
  9112 | D:8      | Got a shimmering helmet
  9123 | D:8      | Identified the cursed -5 helmet of Immorality {Stlth+} (You found it on level 8 of the Dungeon)
  9209 | D:8      | Found a staircase to the Lair.
  9379 | D:8      | Reached skill level 7 in Fire Magic
  9701 | D:8      | Reached XP level 9. HP: 57/57 MP: 14/14
  9983 | Lair:1   | Entered Level 1 of the Lair of Beasts
  9983 | Lair:1   | Noticed a komodo dragon
  9988 | Lair:1   | Killed a komodo dragon
 10035 | Lair:1   | Got an ichor-stained robe
 10046 | Lair:1   | Identified the +2 robe of Generosity {-Cast rC+ Slay+4} (You found it on level 1 of the Lair of Beasts)
 10068 | Lair:1   | Found a labyrinth entrance.
 10305 | Lair:1   | Noticed Joseph
 10396 | Lair:1   | Acquired Vehumet's third power
 10460 | Lair:1   | Noticed a komodo dragon
 10472 | Lair:1   | Killed a komodo dragon
 10593 | Lair:2   | Reached skill level 5 in Spellcasting
 10605 | Lair:2   | Learned a level 5 spell: Fireball
 10766 | Lair:2   | Noticed a black mamba
 10770 | Lair:2   | Killed a black mamba
 10770 | Lair:2   | Reached skill level 8 in Conjurations
 10965 | Lair:2   | Noticed a komodo dragon
 10992 | Lair:2   | Killed a komodo dragon
 10992 | Lair:2   | Reached XP level 10. HP: 48/63 MP: 6/22
 10995 | Lair:2   | Offered knowledge of Lee's Rapid Deconstruction by Vehumet.
 11235 | Lair:2   | Noticed a spiny frog
 11249 | Lair:2   | Killed a spiny frog
 12245 | Lair:3   | Reached skill level 1 in Fighting
 12582 | Lair:3   | Noticed a catoblepas
 12657 | Lair:3   | Killed a catoblepas
 12692 | Lair:3   | Reached skill level 9 in Fire Magic
 13143 | Lair:3   | Reached XP level 11. HP: 77/77 MP: 14/23
 13798 | Lair:4   | Offered knowledge of Orb of Destruction by Vehumet.
 14652 | Lair:4   | Reached skill level 10 in Fire Magic
 15083 | Lair:4   | Reached skill level 10 in Conjurations
 15684 | Lair:5   | Reached skill level 1 in Shields
 15936 | Lair:5   | Noticed an eight-headed hydra
 16188 | Lair:5   | Got a brightly glowing pewter ring
 16189 | Lair:5   | Identified the ring "Shrawk" {MP+9 Str+2} (You found it on level 5 of the Lair of Beasts)
 16362 | Lair:5   | Noticed a five-headed hydra
 16941 | Lair:5   | Killed a five-headed hydra
 17215 | Lair:6   | Reached XP level 12. HP: 83/83 MP: 13/26
 17233 | Lair:6   | Learned a level 7 spell: Orb of Destruction
 17470 | Lair:6   | Found a staircase to the Snake Pit.
 17942 | Lair:6   | Reached skill level 11 in Conjurations
 18181 | Lair:6   | Found a staircase to the Shoals.
 18624 | Lair:6   | Reached skill level 12 in Conjurations
 18978 | Lair:7   | Got a brightly glowing marble ring
 18980 | Lair:7   | Identified the ring of Springtime {+/*Tele Str+4} (You found it on level 7 of the Lair of Beasts)
 19200 | Lair:7   | Noticed Fannar
 19211 | Lair:7   | Killed Fannar
 20108 | Lair:8   | Entered Level 8 of the Lair of Beasts
 20168 | Lair:8   | Offered knowledge of Bolt of Draining by Vehumet.
 20180 | Lair:8   | Reached XP level 13. HP: 88/88 MP: 20/27
 20638 | Lair:1   | Killed Joseph
 20762 | Lair:1   | Noticed a black mamba
 20765 | Lair:1   | Killed a black mamba
 20783 | Lair:1   | Noticed a komodo dragon
 20796 | Lair:1   | Killed a komodo dragon
 20991 | Lair:1   | Noticed a komodo dragon
 20996 | Lair:1   | Killed a komodo dragon
 21066 | Lair:1   | Noticed a spiny frog
 21070 | Lair:1   | Killed a spiny frog
 21303 | Lair:1   | Noticed Nergalle
 21641 | Lair:1   | Killed Nergalle
 21641 | Lair:1   | Reached skill level 5 in Dodging
 21772 | D:4      | Killed an ogre
 21824 | D:4      | Killed an ogre
 22226 | D:3      | Killed Grinder
 22423 | D:9      | Found Fureokec's Food Shoppe.
 23030 | D:9      | Offered knowledge of Bolt of Fire by Vehumet.
 23303 | D:9      | Found a staircase to the Orcish Mines.
 24142 | D:10     | Entered Level 10 of the Dungeon
 24245 | D:10     | Noticed Grum
 24247 | D:10     | Killed Grum
 24508 | D:10     | Noticed Gastronok
 24592 | D:9      | Learned a level 6 spell: Bolt of Fire
 25166 | D:10     | Killed Gastronok
 25183 | D:10     | Learned a level 3 spell: Flight
 25329 | D:10     | Got a shimmering leather armour
 25340 | D:10     | Identified the cursed -1 leather armour "Fuakudam" {-Cast +Fly rF+ Int+4} (You found it on level 10 of the Dungeon)
 25446 | D:11     | Reached skill level 13 in Conjurations
 25905 | D:11     | Offered knowledge of Spellforged Servitor by Vehumet.
 26699 | D:11     | Identified the Handbook of Nature
 26745 | D:9      | Upgraded the game from 0.16-a0-3834-g51c8674 to 0.16-a0-3843-ged98c6c
 26746 | Orc:1    | Entered Level 1 of the Orcish Mines
 27081 | Orc:2    | Noticed Maurice
 27197 | Orc:2    | Noticed Josephine
 27316 | Orc:1    | Reached skill level 1 in Air Magic
 27451 | Orc:1    | Killed Josephine
 27451 | Orc:1    | Reached skill level 1 in Charms
 27748 | Orc:2    | Noticed an orc warlord
 27819 | Orc:2    | Killed an orc warlord
 27819 | Orc:2    | Offered knowledge of Delayed Fireball by Vehumet.
 27819 | Orc:2    | Reached XP level 14. HP: 95/95 MP: 31/31
 27832 | Orc:2    | Learned a level 7 spell: Delayed Fireball
 28457 | Orc:2    | Found a roughly hewn altar of Beogh.
 29171 | Orc:3    | Found a roughly hewn altar of Beogh.
 29419 | Orc:3    | Found a frozen archway.
 29551 | IceCv    | Entered an ice cave
 29554 | IceCv    | Reached skill level 14 in Conjurations
 29774 | IceCv    | Offered knowledge of Poisonous Cloud by Vehumet.
 30289 | IceCv    | Noticed a frost giant
 30295 | IceCv    | Killed a frost giant
 30830 | Orc:3    | Found a staircase to the Elven Halls.
 31029 | Orc:2    | Killed Maurice
 31115 | Orc:4    | Entered Level 4 of the Orcish Mines
 31151 | Orc:4    | Found a roughly hewn altar of Beogh.
 31202 | Orc:4    | Noticed Urug
 31206 | Orc:4    | Killed Urug
 31590 | Orc:4    | Found a roughly hewn altar of Beogh.
 31646 | Orc:4    | Found a roughly hewn altar of Beogh.
 31673 | Orc:4    | Found Homasoirph's Jewellery Emporium.
 31879 | Orc:4    | Noticed an orc warlord
 31907 | Orc:4    | Found Jyfykaym's Antique Weapon Emporium.
 32022 | Orc:4    | Found a roughly hewn altar of Beogh.
 32025 | Orc:4    | Found Ciodisk's Antique Armour Shoppe.
 32038 | Orc:4    | Bought a slimy rapier for 198 gold pieces
 32038 | Orc:4    | Identified the +5 rapier "Hyafakik" {venom, Contam rF+ MP+9 Str+4 Dex+3} (You bought it in a shop on level 4 of the Orcish Mines)
 32051 | Orc:4    | Bought the +4 robe of Augmentation {Str+4 Int+4 Dex+4} for 1110 gold pieces
 32370 | Orc:4    | Found a roughly hewn altar of Beogh.
 32384 | Orc:4    | Killed an orc warlord
 32508 | Orc:4    | Found a roughly hewn altar of Beogh.
 32558 | Orc:4    | Found a roughly hewn altar of Beogh.
 32558 | Orc:4    | Found Mnigey's Assorted Antiques.
 32562 | Orc:4    | Offered knowledge of Poison Arrow by Vehumet.
 32575 | Orc:4    | Bought a scroll of teleportation for 87 gold pieces
 32575 | Orc:4    | Bought a spiked leather armour for 203 gold pieces
 32585 | Orc:4    | Identified the cursed -1 leather armour of the Blacksmith {rF+ Str+9} (You bought it in a shop on level 4 of the Orcish Mines)
 33192 | Lair:8   | Reached skill level 10 in Spellcasting
 33508 | Lair:8   | Reached skill level 5 in Fighting
 34166 | Lair:8   | Offered knowledge of Lehudib's Crystal Spear by Vehumet.
 34166 | Lair:8   | Offered knowledge of Fire Storm by Vehumet.
 34166 | Lair:8   | Offered knowledge of Shatter by Vehumet.
 34232 | Lair:8   | Found a staircase to the Slime Pits.
 34544 | Lair:6   | Reached XP level 15. HP: 103/105 MP: 30/32
 35628 | D:13     | Found Suripp's Book Boutique.
 35661 | D:13     | Noticed Nessos
 35664 | D:13     | Killed Nessos
 36738 | D:14     | Noticed Roxanne
 36738 | D:14     | Noticed Frances
 37823 | D:14     | Killed Frances
 38171 | D:14     | Found a gate to the Vaults.
 38643 | D:14     | Killed Roxanne
 38731 | D:14     | Identified Roxanne's Grimoire of the Mutagenic Mountains (You took it off Roxanne on level 14 of the Dungeon)
 38776 | D:15     | Entered Level 15 of the Dungeon
 38787 | D:15     | Found a portal to a secret trove of treasure.
 39529 | D:15     | Reached XP level 16. HP: 111/111 MP: 33/33
 39540 | D:15     | Found Naowacw's Food Boutique.
 39750 | D:15     | Found a glowing silver altar of Zin.
 39765 | D:15     | Found a white marble altar of Elyvilon.
 39872 | D:15     | Found a staircase to the Depths.
 40436 | Snake:1  | Entered Level 1 of the Snake Pit
 40656 | Shoals:1 | Entered Level 1 of the Shoals
 41139 | Snake:1  | Got a coiled tin ring
 41141 | Snake:1  | Identified the ring of Satikos {SustAb Slay+2} (You found it on level 1 of the Snake Pit)
 41224 | Snake:1  | Reached skill level 15 in Fire Magic
 41639 | Snake:2  | Noticed Agnes
 41643 | Snake:2  | Killed Agnes
 41801 | Snake:2  | Noticed Aizul
 41826 | Snake:1  | Killed Aizul
 42015 | Snake:2  | Noticed Donald
 42022 | Snake:2  | Killed Donald
 43095 | Snake:2  | Noticed Wiglaf
 43104 | Snake:2  | Killed Wiglaf
 43221 | Snake:2  | Reached skill level 16 in Fire Magic
 44203 | Snake:3  | Reached skill level 15 in Conjurations
 44801 | Snake:3  | Reached XP level 17. HP: 116/116 MP: 34/34
 47476 | Snake:5  | Entered Level 5 of the Snake Pit
 48373 | Shoals:1 | Noticed Kirke
 48386 | Shoals:1 | Killed Kirke
 50969 | Shoals:4 | Reached XP level 18. HP: 110/123 MP: 10/34
 51121 | Shoals:4 | Reached skill level 17 in Conjurations
 51383 | Shoals:4 | Found a glowing silver altar of Zin.
 52034 | Shoals:5 | Entered Level 5 of the Shoals
 52425 | Shoals:5 | Learned a level 4 spell: Control Teleport
 52698 | Shoals:5 | Got a barnacled rune of Zot
 53319 | Shoals:5 | Noticed Ilsuiw
 53325 | Shoals:5 | Killed Ilsuiw
 53555 | Shoals:5 | Reached skill level 18 in Conjurations
 54198 | Snake:4  | Reached skill level 1 in Translocations
 54867 | Snake:5  | Learned a level 2 spell: Blink
 54871 | Snake:5  | Learned a level 2 spell: Repel Missiles
 55236 | Snake:5  | Reached skill level 5 in Translocations
 55420 | Snake:5  | Reached XP level 19. HP: 128/128 MP: 28/35
 57285 | Snake:5  | Learned a level 5 spell: Phase Shift
 58134 | Snake:5  | Got a serpentine rune of Zot
 58533 | D:6      | Bought a scroll of identify for 52 gold pieces
 58533 | D:6      | Bought a bone wand for 104 gold pieces
 58533 | D:6      | Bought a scroll of amnesia for 91 gold pieces
 58533 | D:6      | Bought a scroll of identify for 52 gold pieces
 58654 | Orc:4    | Bought an uncursed ring of protection from cold for 350 gold pieces
 58834 | Vaults:1 | Entered Level 1 of the Vaults
 60517 | Vaults:2 | Got a crude whip
 60518 | Vaults:2 | Identified the +2 whip of Giucec {venom, Int+5 Dex+4 Stlth-} (You found it on level 2 of the Vaults)
 61279 | Vaults:2 | Reached XP level 20. HP: 135/135 MP: 38/38
 63397 | Vaults:2 | Found a basalt altar of Yredelemnul.
 63398 | Vaults:2 | Found a staircase to the Crypt.
 63399 | Vaults:2 | Found an ancient bone altar of Kikubaaqudgha.
 64172 | Vaults:3 | Got a translucent ring mail
 64173 | Vaults:3 | Identified the cursed -4 ring mail of Defiance {rF+ MR- rCorr} (You found it on level 3 of the Vaults)
 64276 | Vaults:3 | Reached skill level 19 in Fire Magic
 65264 | Vaults:3 | Reached XP level 21. HP: 112/140 MP: 37/39
 66661 | Vaults:4 | Identified the Tome of Combat Magic
 67199 | Vaults:4 | Reached skill level 15 in Spellcasting
 67538 | Vaults:4 | Noticed Frederick
 67549 | Vaults:4 | Killed Frederick
 67720 | Vaults:4 | Learned a level 9 spell: Fire Storm
 68158 | Elf:1    | Entered Level 1 of the Elven Halls
 68170 | Elf:1    | Noticed Nikola
 68172 | Elf:1    | Killed from afar by Nikola

Action                   |  1- 3 |  4- 6 |  7- 9 | 10-12 | 13-15 | 16-18 | 19-21 || total
-------------------------+-------+-------+-------+-------+-------+-------+-------++-------
Melee: Dagger            |    28 |     9 |    26 |       |       |       |       ||    63
       Hand axe          |       |       |    18 |    58 |   148 |       |       ||   224
       Rapier            |       |       |       |       |    39 |    40 |   159 ||   238
 Fire: Blowgun           |       |       |    21 |     6 |       |       |       ||    27
Throw: Throwing net      |     1 |     1 |       |       |       |       |       ||     2
 Cast: Flame Tongue      |    86 |   153 |   244 |   139 |     7 |       |       ||   629
       Throw Flame       |     2 |     6 |     9 |    10 |       |       |       ||    27
       Conjure Flame     |       |     6 |    12 |     4 |       |       |       ||    22
       Sticky Flame      |       |       |    13 |   114 |    62 |     5 |    14 ||   208
       Fireball          |       |       |     6 |   133 |   660 |   371 |   243 ||  1413
       Shock             |       |       |       |    23 |     1 |       |       ||    24
       Bolt of Fire      |       |       |       |       |   210 |   372 |   349 ||   931
       Orb of Destructio |       |       |       |       |    28 |    42 |    29 ||    99
       Delayed Fireball  |       |       |       |       |     2 |     3 |     1 ||     6
       Flight            |       |       |       |       |       |     1 |     2 ||     3
       Repel Missiles    |       |       |       |       |       |     1 |     2 ||     3
       Phase Shift       |       |       |       |       |       |       |     8 ||     8
 Abil: Release Delayed F |       |       |       |       |     1 |     3 |     1 ||     5
Evoke: Wand              |       |       |     2 |     4 |     2 |     2 |       ||    10
       Lamp of fire      |       |       |       |       |       |     1 |       ||     1
  Use: Scroll            |       |     7 |     8 |     9 |    12 |    13 |     7 ||    56
 Stab: Sleeping          |       |       |       |       |       |       |     3 ||     3
